 Dungeon Crawl Stone Soup version 0.17.2-1-ge4368a0 (webtiles) character file.

98 hurricos the Conjurer (level 4, -3/24 HPs)
             Began as a Tengu Wizard on Oct 15, 2016.
             Was an Initiate of Makhleb.
             Slain by an ogre
             ... wielding a +0 giant spiked club
              (27 damage)
             ... on level 5 of the Dungeon.
             The game lasted 00:02:35 (2929 turns).

hurricos the Conjurer (Tengu Wizard)                Turns: 2929, Time: 00:02:35

Health: -3/24      AC:  3    Str:  7    XL:     4   Next: 69%
Magic:  6/10       EV: 12    Int: 19    God:    Makhleb [......]
Gold:   68         SH:  0    Dex: 13    Spells: 5 memorised, 0 levels left

rFire  . . .     SeeInvis .     q - +0 hunting sling (freeze)
rCold  . . .     Clarity  .     a - +0 robe
rNeg   . . .     SustAt   +     (no shield)
rPois  .         Gourm    .     b - +1 hat
rElec  .         Spirit   .     (no cloak)
rCorr  .         Warding  .     (no gloves)
rMut   .         Stasis   .     (boots unavailable)
MR     .....                    h - amulet of rage
Stlth  ++........               (no ring)
                                g - ring of sustain attributes

@: not resistant to hostile enchantments, unstealthy
A: beak, talons 3
a: Renounce Religion, Evoke Berserk Rage


You were on level 5 of the Dungeon.
You worshipped Makhleb.
Makhleb was noncommittal.
You were hungry.

You visited 2 branches of the dungeon, and saw 6 of its levels.

You collected 68 gold pieces.

Inventory:

Hand Weapons
 q - a +0 hunting sling of freezing (weapon)
Missiles
 r - 124 stones (quivered)
Armour
 a - a +0 robe (worn)
 b - a +1 hat (worn)
Jewellery
 e - an uncursed amulet of guardian spirit {unknown}
 g - a ring of sustain attributes (left hand)
 h - an amulet of rage (around neck)
Scrolls
 f - 3 scrolls of identify
 i - a scroll of immolation {unknown}
 l - 3 scrolls of enchant weapon {unknown}
 m - 2 scrolls of noise {unknown}
 n - a scroll of fog
 o - a scroll of remove curse
Potions
 j - a potion of lignification {unknown}
 t - 2 potions of curing {unknown}
Books
 c - a book of Minor Magic

   Spells                             Type                      Level
   a - Magic Dart                     Conjuration                  1
   b - Blink                          Translocation                2
   c - Call Imp                       Summoning                    2
   d - Repel Missiles                 Charms/Air                   2
   e - Slow                           Hexes                        2
   f - Conjure Flame                  Conjuration/Fire             3
   g - Mephitic Cloud                 Conjuration/Poison/Air       3
 u - a Grand Grimoire

   Spells                             Type                      Level
   a - Monstrous Menagerie            Summoning                    6
   b - Summon Greater Demon           Summoning                    7
   c - Malign Gateway                 Summoning/Translocation      7
   d - Summon Horrible Things         Summoning                    8
Comestibles
 d - 2 bread rations
 k - 8 fruits
 p - a meat ration


   Skills:
 - Level 2.1 Dodging
 - Level 2.0 Stealth
 + Level 3.8 Spellcasting
 + Level 4.5 Conjurations
 - Level 1.2 Summonings
 - Level 0.7 Translocations
 * Level 0.6 Air Magic


You couldn't memorise any spells.
You knew the following spells:

 Your Spells              Type           Power        Failure   Level  Hunger
a - Magic Dart            Conj           ###.         2%          1    None
b - Blink                 Tloc           N/A          17%         2    ##.....
c - Call Imp              Summ           #.......     14%         2    ##.....
e - Mephitic Cloud        Conj/Pois/Air  ##......     21%         3    ###....
k - Repel Missiles        Chrm/Air       #.....       21%         2    ##.....


Dungeon Overview and Level Annotations

Branches:
Dungeon (5/15)             Temple (1/1) D:4

Altars:
Ashenzari
Elyvilon
Fedhas
Makhleb
Nemelex Xobeh
Okawaru
Qazlal
Trog
Vehumet
Xom
Yredelemnul
Zin

Shops:
D:4 }=}


Innate Abilities, Weirdness & Mutations

You have a beak for a mouth.
You have claws for feet.


Message History

An ogre is nearby!
Casting: Magic Dart
Confirm with . or Enter, or press ? or * to list all spells.
Aiming: Magic Dart
Press: ? - help, Shift-Dir - straight line, f/p - ogre
Aim: an ogre, wielding a giant spiked club (moderately wounded)
The magic dart hits the ogre.
The ogre is severely wounded.
The ogre closely misses you.
An ogre is nearby!
Casting: Magic Dart
Confirm with . or Enter, or press ? or * to list all spells.
Aiming: Magic Dart
Press: ? - help, Shift-Dir - straight line, f/p - ogre
Aim: an ogre, wielding a giant spiked club (severely wounded)
The magic dart hits the ogre.
The ogre is severely wounded.
The ogre hits you with a giant spiked club!!
Ouch! That really hurt!
You die...

### ... ..
...######.#
.......@O.#
...####...#
#...# #...#
#...# .....
##..## ...


You could see an ogre.

Vanquished Creatures
  4 adders
  A worm (D:3)
  3 giant geckos
  An orc (D:3)
  2 ball pythons
  6 bats
  13 goblins
  5 hobgoblins
  5 kobolds
  A quokka (D:2)
  A ball python skeleton (D:4)
  2 giant cockroaches
  2 giant newts (D:3)
  4 jackals (D:1)
  7 rats
57 creatures vanquished.

Vanquished Creatures (collateral kills)
  A worm (D:2)
1 creature vanquished.

Grand Total: 58 creatures vanquished

Notes
Turn   | Place    | Note
--------------------------------------------------------------
     0 | D:1      | hurricos the Tengu Wizard began the quest for the Orb.
     0 | D:1      | Reached XP level 1. HP: 10/10 MP: 5/5
   123 | D:1      | Reached XP level 2. HP: 10/15 MP: 2/7
   537 | D:1      | Learned a level 2 spell: Call Imp
   540 | D:1      | Learned a level 2 spell: Repel Missiles
   543 | D:1      | Learned a level 2 spell: Blink
   552 | D:1      | Reached XP level 3. HP: 15/19 MP: 6/8
  1366 | D:2      | Reached skill level 4 in Conjurations
  1628 | D:3      | Reached XP level 4. HP: 24/24 MP: 10/10
  2360 | D:4      | Learned a level 3 spell: Mephitic Cloud
  2366 | D:4      | Found a staircase to the Ecumenical Temple.
  2456 | Temple   | Entered the Ecumenical Temple
  2482 | Temple   | Became a worshipper of Makhleb the Destroyer
  2606 | D:4      | Found Zytott's Gadget Boutique.
  2746 | D:4      | Found Dyfoggia's Jewellery Shop.
  2752 | D:4      | Found Nyqiukk's Gadget Emporium.
  2925 | D:5      | Entered Level 5 of the Dungeon
  2925 | D:5      | Noticed an ogre
  2929 | D:5      | Slain by an ogre

Action                   |  1- 3 |  4- 6 || total
-------------------------+-------+-------++-------
Melee: Unarmed           |    33 |       ||    33
 Fire: Hunting sling     |     3 |    18 ||    21
 Cast: Magic Dart        |    71 |    38 ||   109
       Call Imp          |     2 |       ||     2
       Blink             |     1 |       ||     1
  Use: Scroll            |     1 |     6 ||     7
  Eat: Bread ration      |     1 |       ||     1
       Chunk             |     1 |       ||     1
